 Seeded DCSS version 0.31-a0-664-g902f515a81 (webtiles) character file.

Game seed: 784279740803775113 (custom seed)

30 CarvArkoylaein the Charlatan (level 3, 0/28 HPs)
             Began as a Human Wanderer on Sept 2, 2023.
             Slain by a cerulean imp
             ... wielding a +0 spear
             ... summoned by Natasha
              (4 damage)
             ... on level 2 of the Dungeon.
             The game lasted 00:06:58 (1112 turns).

CarvArkoylaein the Charlatan (Human Wanderer)       Turns: 1112, Time: 00:06:58

Health: 0/28       AC:  5    Str: 11    XL:     3   Next: 37%
Magic:  4/4        EV: 10    Int: 12    God:
Gold:   33         SH:  0    Dex: 15    Spells: 3/4 levels left

rFire   . . .        g - +0 short sword (venom)
rCold   . . .        (no shield)
rNeg    . . .        k - +0 ring mail
rPois   .            (no helmet)
rElec   .            (no cloak)
rCorr   .            (no gloves)
SInv    .            (no boots)
Will    .....        (no amulet)
Stlth   +            (no ring)
HPRegen 0.24/turn    (no ring)
MPRegen 0.09/turn

%: no passive effects
@: no status effects
A: no striking features
a: no special abilities


You were on level 2 of the Dungeon.
You visited 1 branch of the dungeon, and saw 2 of its levels.

You collected 33 gold pieces.

Inventory:

Hand Weapons
 a - a +0 dagger
 g - a +0 short sword of venom (weapon)
Armour
 d - a +0 robe
 k - a +0 ring mail (worn)
Wands
 b - a wand of flame (6)
Scrolls
 e - a scroll of silence
 h - a scroll of poison {unknown}
 i - a scroll of fear {unknown}
 m - a scroll of enchant armour {unknown}
Potions
 f - 2 potions of curing {unknown}
 j - a potion of mutation {unknown}
 l - a potion of brilliance {unknown}


   Skills:
 + Level 2.4 Fighting
 + Level 0.2 Short Blades
 + Level 0.4 Dodging
 + Level 1.0 Unarmed Combat
 + Level 1.0 Spellcasting
 + Level 3.3 Conjurations
 + Level 3.4 Evocations


You had 3 spell levels left.
You knew the following spells:

 Your Spells              Type           Power      Damage    Failure   Level
a - Foxfire               Conj/Fire      16%        2x1d4     36%         1

Your spell library contained the following spells:

 Spells                   Type           Power      Damage    Failure   Level
 Shock                    Conj/Air       16%        1d4       36%         1
 Momentum Strike          Conj/Tloc      8%         3d8       50%         2
 Freeze                   Ice            0%         1d3       58%         1
 Hailstorm                Conj/Ice       4%         3d4       73%         3
 Mephitic Cloud           Conj/Pois/Air  3%         N/A       80%         3
 Frozen Ramparts          Ice            0%         1d1       91%         3
 Inner Flame              Hex/Fire       0%         N/A       91%         3
 Swiftness                Air            0%         N/A       91%         3
 Airstrike                Air            0%         2d(0-16)  100%        4
 Yara's Violent Unravell  Hex/Tmut       0%         3d3       100%        5
 Enfeeble                 Hex            0%         N/A       100%        7


Dungeon Overview and Level Annotations

Branches:
Dungeon (2/15)

Altars:

Annotations:
D:2 Natasha


Message History

The cerulean imp hits you but does no damage.
The cerulean imp attacks as it pursues you!
The cerulean imp barely misses you.
Aiming: Throw Flame
Press: ? - help, Q - select action, (/) - cycle Shift-Dir - straight line, f - cerulean imp
Aim: a cerulean imp, wielding a +0 spear (moderately wounded, summoned, very poisoned, 57% to hit)
The puff of flame hits the cerulean imp.
The cerulean imp is severely wounded.
The cerulean imp hits you from afar with a +0 spear.
* * * LOW HITPOINT WARNING * * *
Natasha wildly gestures.
Natasha shimmers violently.
Natasha casts a spell.
Natasha looks more healthy.
The cerulean imp hits you but does no damage.
The cerulean imp barely misses you.
You closely miss the cerulean imp.
The cerulean imp is almost dead.
The cerulean imp hits you with a +0 spear.
* * * LOW HITPOINT WARNING * * *
The cerulean imp misses you.
You hit the cerulean imp.
You kill the cerulean imp!
The cerulean imp disappears in a puff of smoke!
The cerulean imp barely misses you.
You closely miss Natasha.
Natasha is heavily wounded.
Natasha claws you but does no damage.
The cerulean imp hits you but does no damage.
The cerulean imp closely misses you.
You closely miss Natasha.
Natasha is heavily wounded.
Natasha claws you but does no damage.
The cerulean imp hits you but does no damage. x2
You hit Natasha but do no damage.
Natasha is poisoned.
Natasha is heavily wounded.
The cerulean imp disappears in a puff of smoke!
Natasha barely misses you.
The cerulean imp hits you from afar with a +0 spear.
You die...

#.# #.# #..# #.#
#.###5.# #.#
#.5....# ..
#.###.###### #.
#.##.5# #.
##.##.## #.
##.5ยง..# #.
###..h#### #.
#...#@#
#.###.#####.###.#
#.......##..###.#
#######....>...#.#
.......#.#####.#.#
#####.##.# .#.#
#.##.# #.# #....#
#.# ###### #.#


You could see Natasha (very poisoned) and a cerulean imp (summoned).

Vanquished Creatures
  2 dart slugs (D:1)
  2 endoplasms
  2 giant cockroaches (D:1)
  2 goblins (D:1)
  A hobgoblin (D:1)
  3 jackals (D:2)
  A quokka (D:1)
  2 ball pythons
  3 bats
  3 kobolds (D:1)
  2 rats
23 creatures vanquished.

Vanquished Creatures (others)
  2 foxfires (D:1)
2 creatures vanquished.

Grand Total: 25 creatures vanquished

Notes
Turn   | Place    | Note
-------+----------+-------------------------------------------
     0 | D:1      | CarvArkoylaein the Human Wanderer began the quest for the
                  | Orb.
     0 | D:1      | CarvArkoylaein set off with the following items: a +0
                  | dagger, a wand of flame (7), a scroll of blinking, a +0
                  | robe, a scroll of silence; and the following spell
                  | memorised: Foxfire; and the following spells available to
                  | memorise: Momentum Strike, Mephitic Cloud.
     0 | D:1      | Reached XP level 1. HP: 16/16 MP: 2/2
   142 | D:1      | Reached XP level 2. HP: 15/22 MP: 3/3
   670 | D:1      | Reached XP level 3. HP: 23/28 MP: 4/4
  1082 | D:2      | Noticed Natasha
  1112 | D:2      | Slain by a cerulean imp

Illustrated notes

Levels and vault maps discovered:
D:1:      spicycebolla_green_bress_n_ham_2, layout_basic
D:2:      layout_basic, chequers_serial_rivers_small_a, uniq_natasha

Action                     || total
---------------------------++-------
  Melee: Dagger            ||    14
         Short sword       ||    60
   Cast: Foxfire           ||     1
  Evoke: Wand              ||     1
    Use: Scroll            ||     1
   Stab: Sleeping          ||     1
 Armour: Robe              ||    24
         Ring mail         ||    36
         Skin              ||     3
  Dodge: Dodged            ||    59

Table legend: (Time is in decaauts)
 A = Elapsed time spent in this place.
 B = Non-inter-level travel time spent in this place.
 C = Inter-level travel time spent in this place.
 D = Time resting spent in this place.
 E = Time spent auto-exploring this place.
 F = Levels seen in this place.
 G = Mean time per level.
                   A        B        C        D        E       F      G
               +--------+--------+--------+--------+--------+-----+--------+
         Total |   1114 |    933 |    181 |    171 |    578 |   2 |  557.0 |
       Dungeon |   1114 |    933 |    181 |    171 |    578 |   2 |  557.0 |
               +--------+--------+--------+--------+--------+-----+--------+

Top non-repeatable levels by time:
     D:1: 928 daAuts
     D:2: 186 daAuts
